[Event "International Championship of Central S"]
[Site "Paracin"]
[Date "2014.07.10"]
[Round "8.1"]
[White "Abramovic, Bosko"]
[Black "Rapport, Richard"]
[Result "1/2-1/2"]
[ECO "A04"]
[WhiteElo "2443"]
[BlackElo "2701"]
[Annotator "Boban,Milojevic"]
[PlyCount "116"]
[EventDate "2014.??.??"]
[TimeControl "6000+555"]
[WhiteClock "0:21:29"]
[BlackClock "0:05:12"]

1. Nf3 c5 2. c4 Nc6 3. g3 e6 4. Bg2 g5 5. d3 h6 6. Nc3 Bg7 7. h4 g4 8. Nd2 Nge7
9. Nb3 d6 10. e3 f5 11. d4 b6 12. d5 Bxc3+ 13. bxc3 Ne5 14. e4 fxe4 15. Bxe4
exd5 16. cxd5 Bf5 17. Qe2 Qd7 18. Bf4 Bxe4 19. Qxe4 Nf3+ 20. Kf1 Qf5 21. Qxf5
Nxf5 22. Nd2 Nxd2+ 23. Bxd2 h5 24. Kg2 Kd7 25. Rhe1 Rhe8 26. Bg5 b5 27. f3
gxf3+ 28. Kxf3 Rf8 29. Kg2 b4 30. cxb4 cxb4 31. Re4 a5 32. Rae1 Rf7 33. R1e2
Rc8 34. Kh2 Rc5 35. a3 bxa3 36. Ra4 Rxd5 37. Rxa3 Nd4 38. Rea2 Nc6 39. Bf4 Re7
40. Kh3 Re4 41. Kg2 Ke6 42. Rf2 a4 43. Bg5 Rf5 44. Rc2 Rc5 45. Rf2 Ne5 46. Rf6+
Kd7 47. Ra2 Rec4 48. Kh3 Nd3 49. Rf3 Ne5 50. Rf6 Nd3 51. Rf3 Rd5 52. Rf7+ Kc6
53. Rh7 Ra5 54. Rxh5 a3 55. Rh8 Nb4 56. Ra1 a2 57. Bf6 d5 58. h5 d4 1/2-1/2

[Event "International Championship of Central S"]
[Site "Paracin"]
[Date "2014.07.10"]
[Round "8.2"]
[White "Atalik, Suat"]
[Black "Chandra, Akshat"]
[Result "0-1"]
[ECO "E53"]
[WhiteElo "2550"]
[BlackElo "2442"]
[Annotator "Boban,Milojevic"]
[PlyCount "125"]
[EventDate "2014.??.??"]
[TimeControl "6000+1025"]
[WhiteClock "0:05:38"]
[BlackClock "0:02:47"]

1. d4 Nf6 2. c4 e6 3. Nc3 Bb4 4. e3 O-O 5. Bd3 d5 6. Nf3 c5 7. O-O cxd4 8. exd4
dxc4 9. Bxc4 b6 10. Bg5 Bb7 11. Re1 Nbd7 12. Rc1 Rc8 13. Qb3 Be7 14. Bh4 Bxf3
15. gxf3 Nd5 16. Bg3 Nxc3 17. bxc3 h5 18. Ba6 h4 19. Bf4 Bg5 20. Be3 Rc7 21. f4
Bh6 22. Qd1 Nf6 23. c4 Qd6 24. Qf3 Qa3 25. Bb7 Rd8 26. Bc6 Qxa2 27. d5 exd5 28.
cxd5 Qa3 29. Rcd1 Qd6 30. Bc1 Nd7 31. Qg4 Nb8 32. Bb5 a6 33. Bf1 b5 34. Qxh4 b4
35. Rd3 Rdc8 36. Bd2 Rc2 37. Bh3 Rf8 38. Qe7 Bxf4 39. Qxd6 Bxd6 40. Re4 a5 41.
Bf4 Bxf4 42. Rxf4 Na6 43. d6 Nc5 44. Rd1 b3 45. Bf5 Rc3 46. d7 Rd8 47. Re1 Ne6
48. Bxe6 fxe6 49. Rxe6 b2 50. Re8+ Kh7 51. Rxd8 b1=Q+ 52. Kg2 Qg6+ 53. Kf1 Qd3+
54. Kg1 Qg6+ 55. Kf1 Rc1+ 56. Ke2 Qc2+ 57. Kf3 Qd3+ 58. Kg2 Qd5+ 59. Kh3 Rc3+
60. Kg4 Qg2+ 61. Kf5 Qg6+ 62. Ke5 Qg5+ 63. Kd4 0-1

[Event "International Championship of Central S"]
[Site "Paracin"]
[Date "2014.07.10"]
[Round "8.3"]
[White "Vojinovic, Goran"]
[Black "Markus, Robert"]
[Result "1/2-1/2"]
[ECO "A45"]
[WhiteElo "2460"]
[BlackElo "2607"]
[Annotator "Boban,Milojevic"]
[PlyCount "66"]
[EventDate "2014.??.??"]
[TimeControl "6000+685"]
[WhiteClock "0:31:52"]
[BlackClock "0:13:42"]

1. d4 Nf6 2. Nc3 d5 3. Bf4 e6 4. e3 b6 5. Nf3 Bb7 6. Nb5 Na6 7. c4 Bb4+ 8. Nc3
O-O 9. a3 Bxc3+ 10. bxc3 c5 11. Bg5 h6 12. Bxf6 Qxf6 13. cxd5 exd5 14. Bd3 Nc7
15. O-O c4 16. Bb1 Nb5 17. Qc2 Rfe8 18. Ne5 Bc8 19. f3 Rxe5 20. dxe5 Qxe5 21.
Qd2 Nxc3 22. Bc2 Bb7 23. Rfe1 Re8 24. a4 Bc6 25. Kf2 a6 26. Qd4 b5 27. axb5
axb5 28. Ra6 Bd7 29. Ra7 Bc6 30. Ra6 Bd7 31. Ra7 Bc6 32. Qxe5 Rxe5 33. Rc7 Be8
1/2-1/2

[Event "International Championship of Central S"]
[Site "Paracin"]
[Date "2014.07.10"]
[Round "8.4"]
[White "Nestorovic, Dejan"]
[Black "Damljanovic, Branko"]
[Result "1/2-1/2"]
[ECO "A79"]
[WhiteElo "2408"]
[BlackElo "2562"]
[Annotator "Boban,Milojevic"]
[PlyCount "118"]
[EventDate "2014.??.??"]
[TimeControl "6000+2225"]
[WhiteClock "0:00:36"]
[BlackClock "0:03:22"]

1. d4 d6 2. Nf3 Nf6 3. c4 g6 4. Nc3 Bg7 5. e4 O-O 6. Be2 c5 7. d5 e6 8. O-O Re8
9. Nd2 exd5 10. cxd5 Na6 11. f3 Nc7 12. a4 b6 13. Nc4 Ba6 14. Rb1 Rb8 15. Bd2
Nh5 16. g4 Bd4+ 17. Kg2 Ng7 18. Bf4 Bxc4 19. Bxc4 f5 20. Qd3 fxg4 21. fxg4 Qd7
22. h3 Be5 23. Bb5 Nxb5 24. axb5 h5 25. Bxe5 Rxe5 26. Rf6 hxg4 27. Rxg6 gxh3+
28. Kh1 Rf8 29. Rbg1 Rf7 30. R1g4 Rh5 31. Qg3 Qe7 32. Kh2 Qe5 33. Qxe5 dxe5 34.
Nd1 Rh7 35. Rc6 Kf8 36. Rcg6 Rf1 37. Rg1 Rxg1 38. Rxg1 Ne8 39. Rg5 Nf6 40. Nf2
Nd7 41. Rg3 Rh4 42. Rxh3 Rf4 43. Kg2 Nf6 44. Rf3 Rxf3 45. Kxf3 Ke7 46. Ng4 Nd7
47. Ne3 Kf6 48. Nc4 Ke7 49. Kg4 Kf6 50. Nd6 Kg6 51. b3 Nf6+ 52. Kf3 Kg7 53. Nc4
Nd7 54. Kg4 Kg6 55. Nd6 Nf6+ 56. Kf3 Kg7 57. Ke3 Ng4+ 58. Kf3 Nf6 59. Ke3 Ng4+
1/2-1/2

[Event "International Championship of Central S"]
[Site "Paracin"]
[Date "2014.07.10"]
[Round "8.5"]
[White "Liou, Yian"]
[Black "Drenchev, Petar"]
[Result "0-1"]
[ECO "B24"]
[WhiteElo "2387"]
[BlackElo "2511"]
[Annotator "Boban,Milojevic"]
[PlyCount "89"]
[EventDate "2014.??.??"]
[TimeControl "6000+955"]
[WhiteClock "0:27:51"]
[BlackClock "0:12:07"]

1. e4 c5 2. Nc3 Nc6 3. Bb5 Nd4 4. Bc4 e6 5. Nf3 a6 6. Nxd4 cxd4 7. Ne2 b5 8.
Bb3 Bb7 9. d3 Bc5 10. c3 d5 11. exd5 Bxd5 12. O-O Ne7 13. Bg5 dxc3 14. bxc3 h6
15. Bh4 Qd7 16. d4 Bd6 17. Bxe7 Bxe7 18. Nf4 Bxb3 19. axb3 O-O 20. Qf3 Bd6 21.
Ne2 a5 22. c4 bxc4 23. bxc4 Bb4 24. Rfb1 Rac8 25. Rc1 Rfd8 26. Qb3 Qc6 27. h3
Qe4 28. Ra2 Rc7 29. Qe3 Qf5 30. Nf4 Rxc4 31. Rxc4 Qb1+ 32. Qc1 Qxa2 33. Rc8
Rxc8 34. Qxc8+ Kh7 35. Qc7 Qb1+ 36. Kh2 Qf5 37. g4 Qe4 38. f3 Qxd4 39. Qxf7
Qf2+ 40. Kh1 Qxf3+ 41. Kh2 Qf2+ 42. Kh1 Qe1+ 43. Kg2 Qe4+ 44. Kh2 Qe1 {Kh1 Qc1+
} 45. Kg2 {Qc2+ Kf3} 0-1

[Event "International Championship of Central S"]
[Site "Paracin"]
[Date "2014.07.10"]
[Round "8.6"]
[White "Kosic, Dragan"]
[Black "Tomic, Bosko"]
[Result "1/2-1/2"]
[ECO "B06"]
[WhiteElo "2493"]
[BlackElo "2450"]
[Annotator "Boban,Milojevic"]
[PlyCount "100"]
[EventDate "2014.??.??"]
[TimeControl "6000+1000"]
[WhiteClock "0:01:28"]
[BlackClock "0:01:05"]

1. d4 g6 2. e4 Bg7 3. Nc3 c6 4. Nf3 Nf6 5. Bd3 d6 6. h3 O-O 7. Be3 Qc7 8. O-O
e5 9. a4 b6 10. Qd2 Nbd7 11. Rad1 exd4 12. Bxd4 a6 13. Rfe1 Bb7 14. Be3 b5 15.
axb5 cxb5 16. Bh6 Rfe8 17. Bxg7 Kxg7 18. Nd4 Qb6 19. Nb3 Bc6 20. Qf4 b4 21. Nb1
Ne5 22. Bf1 Qc7 23. Nd4 Bb7 24. Nd2 d5 25. Qg5 Nxe4 26. Nxe4 dxe4 27. Nf5+ Kg8
28. Nh6+ Kg7 29. Rd6 Rad8 30. Nf5+ Kg8 31. Red1 Rxd6 32. Nxd6 Re6 33. Nf5 f6
34. Qg3 Kh8 35. Qb3 Rb6 36. Ne3 Kg7 37. Nd5 Bxd5 38. Rxd5 Rd6 39. Rxd6 Qxd6 40.
Qa4 Qc5 41. Qxa6 e3 42. Qe2 exf2+ 43. Qxf2 Qa5 44. Qd4 h5 45. c4 bxc3 46. bxc3
Qa1 47. Qe3 Qa3 48. Qd4 Qa1 49. Qc5 Qc1 50. Qd4 Qa1 1/2-1/2

[Event "International Championship of Central S"]
[Site "Paracin"]
[Date "2014.07.10"]
[Round "8.7"]
[White "Savic, Miodrag R"]
[Black "Blagojevic, Dragisa"]
[Result "0-1"]
[ECO "C67"]
[WhiteElo "2522"]
[BlackElo "2505"]
[Annotator "Boban,Milojevic"]
[PlyCount "54"]
[EventDate "2014.??.??"]
[TimeControl "6000+1220"]
[WhiteClock "0:00:37"]
[BlackClock "0:11:40"]

1. e4 e5 2. Nf3 Nc6 3. Bb5 Nf6 4. O-O Nxe4 5. d4 Nd6 6. Bxc6 dxc6 7. dxe5 Ne4
8. Qe2 Bf5 9. Rd1 Qc8 10. g4 Bg6 11. Nh4 Qe6 12. f4 Bc5+ 13. Kg2 Nf2 14. f5 Qe7
15. Nf3 Nxd1 16. Qxd1 h5 17. h3 Bh7 18. Nc3 Qd7 19. Qe2 hxg4 20. hxg4 Bxf5 21.
gxf5 Qxf5 22. Ng5 Rh4 23. Nce4 Rg4+ 24. Ng3 Rxg5 25. Bxg5 Qxg5 26. Rd1 Rd8 27.
e6 Rxd1 0-1

[Event "International Championship of Central S"]
[Site "Paracin"]
[Date "2014.07.10"]
[Round "8.1"]
[White "Egorov, Evgeny"]
[Black "Nestorovic, Nikola"]
[Result "0-1"]
[ECO "A00"]
[WhiteElo "2358"]
[BlackElo "2439"]
[Annotator "Boban,Milojevic"]
[PlyCount "108"]
[EventDate "2014.??.??"]
[TimeControl "6000+1250"]
[WhiteClock "0:01:26"]
[BlackClock "0:02:29"]

1. Nc3 e5 2. Nf3 Nc6 3. d4 exd4 4. Nxd4 Nf6 5. Bg5 h6 6. Bh4 Bb4 7. Nxc6 bxc6
8. Qd4 c5 9. Qe5+ Kf8 10. O-O-O Bb7 11. Nd5 d6 12. Nxf6 dxe5 13. Nd7+ Qxd7 14.
Rxd7 Ba5 15. f3 Bc6 16. Rd1 e4 17. fxe4 Bxe4 18. e3 g5 19. Bg3 Ke7 20. Rg1 Rad8
21. Bd3 Bd5 22. b3 Be6 23. h3 f6 24. e4 Bc3 25. Bxc7 Rc8 26. Bg3 c4 27. Be2 Rc6
28. Kb1 Rhc8 29. Bg4 a5 30. Rd5 a4 31. Rgd1 cxb3 32. cxb3 axb3 33. axb3 Bxg4
34. hxg4 Ra6 35. Rd7+ Ke8 36. Rc7 Rxc7 37. Bxc7 Re6 38. Rd3 Rc6 39. Bd6 Kf7 40.
b4 Rc4 41. Ka2 Bxb4 42. Kb3 Rxe4 43. Bxb4 Rxg4 44. Rd2 h5 45. Bc3 Kg6 46. Kc2
h4 47. Re2 Rg3 48. Be1 Ra3 49. Bc3 f5 50. Re8 f4 51. Kb2 Ra6 52. Rf8 Kh5 53.
Rf6 Rxf6 54. Bxf6 g4 0-1

[Event "International Championship of Central S"]
[Site "Paracin"]
[Date "2014.07.10"]
[Round "8.2"]
[White "Zajic, Milan"]
[Black "Brankovic, Dejan"]
[Result "1-0"]
[ECO "B73"]
[WhiteElo "2415"]
[BlackElo "2344"]
[Annotator "Boban,Milojevic"]
[PlyCount "83"]
[EventDate "2014.??.??"]
[TimeControl "6000+1155"]
[WhiteClock "0:10:55"]
[BlackClock "0:03:07"]

1. e4 c5 2. Nf3 Nc6 3. d4 cxd4 4. Nxd4 Nf6 5. Nc3 d6 6. Be2 g6 7. Be3 Bg7 8.
O-O O-O 9. Qd2 d5 10. Rfd1 Nxd4 11. Qxd4 Nxe4 12. Qxd5 Nd6 13. Qb3 Qa5 14. Nd5
Be6 15. Nxe7+ Kh8 16. c4 Rfd8 17. Bd4 Rd7 18. Qe3 Rxe7 19. Bxg7+ Kxg7 20. Rxd6
Kg8 21. Qd2 Qe5 22. Rd8+ Re8 23. Rxa8 Rxa8 24. Bf1 Rc8 25. Re1 Qf6 26. Qb4 b6
27. Rd1 h5 28. b3 h4 29. h3 Rd8 30. Rxd8+ Qxd8 31. Qc3 Qd6 32. b4 Qd1 33. c5
bxc5 34. bxc5 Bxa2 35. c6 Be6 36. c7 Qd7 37. Qc5 a5 38. Kh2 Kh7 39. Qxa5 Qd1
40. Kg1 Qc1 41. Qe5 g5 42. Qe3 1-0

[Event "International Championship of Central S"]
[Site "Paracin"]
[Date "2014.07.10"]
[Round "8.3"]
[White "Tosic, Srecko"]
[Black "Doric, Nenad"]
[Result "1/2-1/2"]
[ECO "C68"]
[WhiteElo "2399"]
[BlackElo "2316"]
[Annotator "Boban,Milojevic"]
[PlyCount "107"]
[EventDate "2014.??.??"]
[TimeControl "6000+830"]
[WhiteClock "0:04:51"]
[BlackClock "0:01:28"]

1. e4 e5 2. Nf3 Nc6 3. Bb5 a6 4. Bxc6 dxc6 5. Nc3 f6 6. d4 exd4 7. Nxd4 c5 8.
Nde2 Qxd1+ 9. Nxd1 Ne7 10. Ne3 Bd7 11. Bd2 Bc6 12. f3 O-O-O 13. Bc3 Ng6 14. Rd1
Rxd1+ 15. Kxd1 Bd6 16. h4 Rd8 17. Ke1 Re8 18. h5 Ne5 19. Kf2 Rf8 20. g4 Bd7 21.
Ng3 Rf7 22. Ngf5 Be6 23. Rd1 Bf8 24. b3 Rd7 25. Bxe5 Rxd1 26. Nxd1 fxe5 27. Nb2
g6 28. hxg6 hxg6 29. Nh4 Bf7 30. Nd3 Bd6 31. f4 exf4 32. Nf3 c4 33. Nde5 cxb3
34. cxb3 Be8 35. Nd3 Bb5 36. Nde5 g5 37. Nf7 Bc5+ 38. Ke1 Bd7 39. N7xg5 Bxg4
40. Ne5 Bh5 41. Ne6 Bb4+ 42. Kf2 Bd2 43. Nd3 Be3+ 44. Kg2 Bg6 45. Kf3 Bh5+ 46.
Kg2 Bf7 47. Nexf4 Bxf4 48. Nxf4 a5 49. Kf3 a4 50. bxa4 Bxa2 51. a5 Kd7 52. e5
Kc6 53. Ke4 Bb1+ 54. Kd4 {Kd5+} 1/2-1/2

[Event "International Championship of Central S"]
[Site "Paracin"]
[Date "2014.07.10"]
[Round "8.4"]
[White "Milenkovic, Mladen"]
[Black "Vucinic, Gojko"]
[Result "1-0"]
[ECO "B75"]
[WhiteElo "2344"]
[BlackElo "2313"]
[Annotator "Boban,Milojevic"]
[PlyCount "110"]
[EventDate "2014.??.??"]
[TimeControl "6000+1135"]
[WhiteClock "0:02:09"]
[BlackClock "0:18:05"]

1. e4 c5 2. Nf3 d6 3. d4 cxd4 4. Nxd4 Nf6 5. Nc3 g6 6. Be3 Bg7 7. f3 h5 8. Qd2
a6 9. Bc4 b5 10. Bd5 Nxd5 11. Nxd5 Bb7 12. O-O-O e6 13. Nc3 Nd7 14. Nb3 Ne5 15.
Bg5 Nc4 16. Bxd8 Nxd2 17. Bc7 Nxb3+ 18. axb3 d5 19. exd5 Bxc3 20. bxc3 Bxd5 21.
Be5 Rg8 22. Bf6 g5 23. Rhe1 Kf8 24. Be7+ Kxe7 25. Rxd5 Rad8 26. Rde5 Rc8 27.
Kb2 Rc6 28. R1e2 h4 29. h3 Kf6 30. R5e3 Rgc8 31. Rd2 e5 32. Rd5 Re8 33. Re4 Kf5
34. c4 bxc4 35. bxc4 f6 36. Kc3 Rb8 37. Rd1 a5 38. Rd5 Ra6 39. Rb5 Rd8 40. c5
a4 41. Kb2 Rd2 42. Rc4 Rc6 43. Rb6 Rc7 44. Ka3 Rxg2 45. Kxa4 Rg3 46. c6 Ke6 47.
Rb7 Rc8 48. Kb5 Rxh3 49. Rc3 g4 50. c7 Rxf3 51. Rc6+ Kd7 52. Kb6 g3 53. Rb8 g2
54. Rxc8 g1=Q+ 55. Kb7 Qb1+ 1-0

[Event "International Championship of Central S"]
[Site "Paracin"]
[Date "2014.07.10"]
[Round "8.5"]
[White "Rakic, Marija"]
[Black "Lajthajm, Borko"]
[Result "1/2-1/2"]
[ECO "E20"]
[WhiteElo "2306"]
[BlackElo "2526"]
[Annotator "Boban,Milojevic"]
[PlyCount "121"]
[EventDate "2014.??.??"]
[TimeControl "6000+680"]
[WhiteClock "0:36:53"]
[BlackClock "0:58:48"]

1. d4 Nf6 2. c4 e6 3. Nc3 Bb4 4. g3 c5 5. Nf3 cxd4 6. Nxd4 Ne4 7. Qd3 Bxc3+ 8.
bxc3 Qa5 9. Nb3 Qxc3+ 10. Qxc3 Nxc3 11. Bb2 Ne4 12. Bxg7 Rg8 13. Bb2 b6 14. Bg2
Bb7 15. O-O Na6 16. Nd4 Nd6 17. Bxb7 Nxb7 18. Nb5 d6 19. Rfd1 Ke7 20. Ba3 Nac5
21. f3 a6 22. Nd4 Na5 23. Rdc1 Rgc8 24. Rab1 Nd7 25. Rb4 Nc6 26. Nxc6+ Rxc6 27.
Rd1 Ne5 28. Rd4 Rac8 29. Rh4 a5 30. Rb1 Nxc4 31. Bc1 Rh8 32. Kf2 f6 33. g4 Rc5
34. g5 b5 35. gxf6+ Kxf6 36. Rh6+ Ke7 37. h4 Kd7 38. Bg5 Ne5 39. Be3 Rd5 40.
Rg1 Nf7 41. Rg7 Ke7 42. Rhxh7 Rxh7 43. Rxh7 Kf6 44. h5 b4 45. h6 Rh5 46. Rg7 a4
47. Rg4 Rb5 48. h7 b3 49. axb3 axb3 50. Bd4+ Ke7 51. Rg8 b2 52. Bxb2 Rxb2 53.
h8=Q Nxh8 54. Rxh8 d5 55. Ke3 e5 56. Rh6 Rb3+ 57. Kd2 d4 58. Ra6 Rc3 59. Rh6
Kd7 60. Rg6 Rc6 61. Rxc6 1/2-1/2

[Event "International Championship of Central S"]
[Site "Paracin"]
[Date "2014.07.10"]
[Round "8.6"]
[White "Ratkovic, Milovan"]
[Black "Kadric, Denis"]
[Result "1/2-1/2"]
[ECO "E81"]
[WhiteElo "2295"]
[BlackElo "2494"]
[Annotator "Boban,Milojevic"]
[PlyCount "53"]
[EventDate "2014.??.??"]
[TimeControl "6000+1000"]
[WhiteClock "0:49:41"]
[BlackClock "0:10:27"]

1. d4 Nf6 2. c4 g6 3. Nc3 Bg7 4. e4 d6 5. f3 O-O 6. Be3 c5 7. Nge2 Nc6 8. Qd2
Qa5 9. d5 Ne5 10. Nc1 a6 11. Be2 Bd7 12. f4 Neg4 13. e5 dxe5 14. fxe5 Nxe3 15.
Qxe3 Ng4 16. Bxg4 Bxg4 17. O-O Qb4 18. b3 b5 19. a3 Qa5 20. Ra2 Rab8 21. h3 Bd7
22. Kh1 bxc4 23. bxc4 f5 24. Rc2 Qxa3 25. Nd3 Rfc8 26. Rfc1 Qb3 27. Nxc5
1/2-1/2

[Event "International Championship of Central S"]
[Site "Paracin"]
[Date "2014.07.10"]
[Round "8.7"]
[White "Todic, Zoran"]
[Black "Obodchuk, Andrei"]
[Result "0-1"]
[ECO "B22"]
[WhiteElo "2267"]
[BlackElo "2374"]
[Annotator "Boban,Milojevic"]
[PlyCount "76"]
[EventDate "2014.??.??"]
[TimeControl "6000+2345"]
[WhiteClock "0:16:13"]
[BlackClock "0:27:51"]

1. e4 c5 2. c3 d5 3. exd5 Qxd5 4. d4 Nf6 5. Nf3 Nc6 6. Be2 Bg4 7. dxc5 Qxd1+ 8.
Bxd1 e5 9. b4 e4 10. h3 exf3 11. hxg4 fxg2 12. Rg1 g6 13. Bf3 O-O-O 14. Bxc6
bxc6 15. a3 Bg7 16. Ra2 Nxg4 17. Bf4 Be5 18. Rxg2 Bxf4 19. Rxg4 g5 20. Re2 h5
21. Rg1 Rhe8 22. Rh1 h4 23. a4 f5 24. Rh3 Rh8 25. Re7 g4 26. Rh1 h3 27. Na3 Bg5
28. Re6 Rde8 29. Re2 Rxe2+ 30. Kxe2 f4 31. Nc4 g3 32. Nd6+ Kc7 33. fxg3 fxg3
34. Rf1 h2 35. Rf7+ Kb8 36. b5 h1=Q 37. b6 Rh2+ 38. Kd3 Qd5# {Kd4} 0-1

[Event "International Championship of Central S"]
[Site "Paracin"]
[Date "2014.07.10"]
[Round "8.8"]
[White "Jovanovic, Aleksandar D"]
[Black "Masic, Predrag"]
[Result "0-1"]
[ECO "B06"]
[WhiteElo "2234"]
[BlackElo "2356"]
[Annotator "Boban,Milojevic"]
[PlyCount "96"]
[EventDate "2014.??.??"]
[TimeControl "6000+1245"]
[WhiteClock "0:02:45"]
[BlackClock "0:06:12"]

1. e4 g6 2. d4 Bg7 3. Nc3 c6 4. Bc4 b5 5. Bb3 b4 6. Nce2 Nf6 7. f3 d6 8. a3
bxa3 9. Rxa3 O-O 10. Ng3 Nbd7 11. N1e2 c5 12. c3 Qb6 13. O-O Ba6 14. Be3 Rfc8
15. Qa1 Bd3 16. Rd1 Bb5 17. Kh1 Rab8 18. Ng1 a6 19. Nh3 cxd4 20. cxd4 e6 21.
Qa2 Nf8 22. Nf2 h5 23. Kg1 Qd8 24. Nd3 Ne8 25. Kf2 Nc7 26. Nb4 h4 27. Nh1 Rb7
28. Rc1 Rcb8 29. Rc3 Qe7 30. Ra5 d5 31. Nd3 dxe4 32. Nc5 exf3 33. Nxb7 fxg2 34.
Kxg2 Rxb7 35. Qa3 Qf6 36. Nf2 Nd5 37. Bxd5 exd5 38. Rc8 Kh7 39. Rxf8 Be2 40.
Bc1 Bxf8 41. Qxf8 Bf3+ 42. Kg1 g5 43. Rc5 Re7 44. Bd2 Re2 45. Rc7 Bh5 46. Ng4
Qe6 47. Ne5 Rxe5 48. dxe5 Qg4+ 0-1